 Dungeon Crawl Stone Soup version 0.29-a0-380-gf50f0a9fbc (webtiles) character file.

Game seed: 10203523400092050316

392 Antichthon the Skirmisher (level 7, 0/55 HPs)
             Began as a Formicid Abyssal Knight on May 5, 2022.
             Was a Priest of Lugonu.
             Slain by an adder (3 damage)
             ... on level 4 of the Dungeon.
             The game lasted 00:06:23 (4733 turns).

Antichthon the Skirmisher (Formicid Abyssal Knight) Turns: 4733, Time: 00:06:24

Health: 0/55       AC:  5    Str: 18    XL:     7   Next: 8%
Magic:  9/9        EV: 12    Int:  9    God:    Lugonu [***...]
Gold:   135        SH:  0    Dex: 13    Spells: 6/6 levels left

rFire   + . .      SeeInvis +   a - +0 scythe
rCold   . . .      Faith    .   (no shield)
rNeg    . . .      Spirit   .   b - +2 robe {Will+}
rPois   +          Reflect  .   (helmet unavailable)
rElec   .          Harm     .   (no cloak)
rCorr   .          Rampage  .   k - +0 pair of gloves
Will    +....                   (no boots)
Stlth   ++........              (no amulet)
HPRegen 0.18/turn               f - ring of poison resistance
MPRegen 0.11/turn               h - ring of protection from fire

@: lethally poisoned (0 -> -3)
A: permanent stasis, dig shafts and tunnels, antennae 3, four strong arms
a: Dig, Shaft Self, Renounce Religion, Depart the Abyss, Bend Space, Banish


You were on level 4 of the Dungeon.
You worshipped Lugonu.
Lugonu was most pleased with you.
You visited 1 branch of the dungeon, and saw 4 of its levels.
You visited the Abyss 1 time.

You collected 135 gold pieces.

Inventory:

Hand Weapons
 a - a +0 scythe (weapon)
Armour
 b - a +2 robe of willpower (worn)
 k - a +0 pair of gloves (worn)
Jewellery
 f - a ring of poison resistance (left hand)
 h - a ring of protection from fire (right hand)
Scrolls
 e - 3 scrolls of fog
 j - a scroll of vulnerability
Potions
 d - a potion of flight


   Skills:
 * Level 4.6 Fighting
 - Level 2.0(2.1) Axes
 * Level 1.1(1.7) Polearms
 * Level 3.9 Crossbows
 * Level 3.2 Armour
 * Level 1.6 Dodging
 * Level 1.7 Stealth
 * Level 1.4 Shields
 * Level 2.6 Invocations
 * Level 1.2 Evocations


You had 6 spell levels left.
You didn't know any spells.
Your spell library contained the following spells:

 Spells                   Type           Power      Damage    Failure   Level
 Shock                    Conj/Air       0%         1d3       38%         1
 Airstrike                Air            0%         N/A       99%         4
 Swiftness                Air            Unusable   N/A       N/A         3

Dungeon Overview and Level Annotations

Branches:
Dungeon (4/15)             Temple (0/1) D:4

Altars:
Dithmenos

Annotations:
D:3 2 runed translucent doors, sirJeffrey23's ghost, weakling DsMo


Innate Abilities, Weirdness & Mutations

You cannot be hasted, slowed, berserked, paralysed or teleported.
You can dig through walls and to a lower floor.
You have a pair of large antennae on your head. (SInv)
Your four strong arms can wield two-handed weapons with a shield.


Message History

The orc shouts!
You hear a shout!
You barely miss the orc.
The adder hisses angrily.
The orc hits you with a +0 hand axe. x2
You slash the orc!
You kill the orc!
Lugonu accepts your kill.
You barely miss the orc. The adder bites you. The orc hits you with a +0 flail.
The orc hits you with a +0 falchion. The adder misses you.
You closely miss the orc. The orc hits you with a +0 falchion.
The orc misses you. The adder barely misses you. The orc barely misses you.
The adder closely misses you. The orc hits you with a +0 flail.
You hit the orc.
The orc is almost dead.
The adder barely misses you. The orc hits you with a +0 falchion!
The orc misses you. The adder bites you but does no damage.
The orc barely misses you. The orc misses you.
The adder bites you but does no damage.
Unknown command.
You closely miss the orc. The adder misses you. The orc barely misses you.
The orc hits you with a +0 flail! The adder closely misses you.
The orc hits you with a +0 falchion. The orc closely misses you.
Unknown command.
You barely miss the orc.
The orc is almost dead.
The adder bites you but does no damage. The orc hits you with a +0 falchion.
* * * LOW HITPOINT WARNING * * *
The orc completely misses you. The adder bites you.
* * * LOW HITPOINT WARNING * * *
You are poisoned.
The adder poisons you! The orc hits you with a +0 falchion.
* * * LOW HITPOINT WARNING * * *
The orc barely misses you. The adder closely misses you.
Okay, then.
You barely miss the orc.
The orc is almost dead.
* * * LOW HITPOINT WARNING * * *
You feel very sick. The adder bites you.
You die...

.# . #.## .. ##..#
... #.[.#### ...##
#.......
#..########....#
#..So.........#
#..o@........#
#...########..#
..... ##.# ....
#.# ### #.# ###.##
#########....#
##............###
#....####........#


You could see an adder and 2 orcs.

Vanquished Creatures
  Sigmund (D:2)
  An orc priest (D:4)
  2 orc wizards
  8 adders
  A worm (D:2)
  A dart slug (D:1)
  2 orcs
  5 endoplasms
  3 giant cockroaches
  9 goblins
  8 hobgoblins
  5 jackals
  5 kobolds
  2 quokkas
  9 ball pythons
  8 bats
  4 frilled lizards
  15 rats
89 creatures vanquished.

Notes
Turn   | Place    | Note
-------+----------+-------------------------------------------
     0 | Abyss:1  | Antichthon the Formicid Abyssal Knight began the quest for
                  | the Orb.
     0 | Abyss:1  | Reached XP level 1. HP: 18/18 MP: 2/2
    68 | Abyss:1  | Noticed a chaos spawn
    69 | D:1      | Escaped the Abyss
   102 | D:1      | Reached skill level 1 in Crossbows
   234 | D:1      | Found a faded altar of an unknown god.
   242 | D:1      | Reached XP level 2. HP: 24/24 MP: 3/3
   607 | D:1      | Reached XP level 3. HP: 29/29 MP: 4/4
  1195 | D:2      | Reached XP level 4. HP: 22/35 MP: 5/5
  1870 | D:2      | Noticed Sigmund
  1890 | D:2      | Killed Sigmund
  1891 | D:2      | Reached skill level 4 in Fighting
  1891 | D:2      | Reached skill level 1 in Dodging
  1891 | D:2      | Reached skill level 1 in Stealth
  1891 | D:2      | Reached skill level 1 in Shields
  1891 | D:2      | Reached XP level 5. HP: 15/42 MP: 6/6
  1891 | D:2      | Reached XP level 6. HP: 17/48 MP: 7/7
  2125 | D:2      | Found a shadowy altar of Dithmenos.
  2638 | D:2      | Reached *** piety under Lugonu
  3265 | D:3      | Found a large runed translucent door.
  3265 | D:3      | Found a large runed translucent door.
  3307 | D:3      | Reached skill level 1 in Evocations
  3868 | D:3      | Noticed sirJeffrey23's ghost (weakling DsMo)
  4028 | D:4      | Found a staircase to the Ecumenical Temple.
  4572 | D:4      | Reached skill level 1 in Polearms
  4572 | D:4      | Reached XP level 7. HP: 37/55 MP: 7/9
  4733 | D:4      | Slain by an adder

Illustrated notes

Levels and vault maps discovered:
D:1:      dpeg_arrival_ratfight, layout_basic, shapermc_ecumenical_altar_venn
D:2:      kennysheep_big_flooded_room, layout_loops_corners, basic_altar,
          minmay_crystal_room, uniq_sigmund
D:3:      layout_basic, ebering_ghost_disaster_area, minmay_misc_feat_five
D:4:      layout_layer_cave, temple_green

Skill      XL: |  1  2  3  4  5  6 |
---------------+-------------------+-----
Crossbows      | 1 2 3 |  3.9
Fighting       | 4 |  4.6
Armour         | 3 |  3.2
Dodging        | 1 |  1.6
Stealth        | 1 |  1.7
Shields        | 1 |  1.4
Evocations     | 1 |  1.2
Polearms       | 1 |  1.1
Axes           | |  2.0
Invocations    | |  2.6

Action                   |  1- 3 |  4- 6 |  7- 9 || total
-------------------------+-------+-------+-------++-------
Melee: Hand axe          |    87 |   128 |       ||   215
       Punch             |       |     2 |       ||     2
       Scythe            |       |    80 |     9 ||    89
Invok: Depart the Abyss  |     1 |       |       ||     1
  Use: Scroll            |       |    10 |       ||    10
       Potion            |       |     1 |       ||     1
 Stab: Sleeping          |       |     4 |       ||     4
Armor: Ring mail         |    73 |    29 |       ||   102
       Robe              |       |    73 |     3 ||    76
Dodge: Dodged            |    61 |   184 |    16 ||   261

Table legend: (Time is in decaauts)
 A = Elapsed time spent in this place.
 B = Non-inter-level travel time spent in this place.
 C = Inter-level travel time spent in this place.
 D = Time resting spent in this place.
 E = Time spent auto-exploring this place.
 F = Levels seen in this place.
 G = Mean time per level.
                   A        B        C        D        E       F      G
               +--------+--------+--------+--------+--------+-----+--------+
         Total |   4859 |   4634 |    225 |    513 |   3048 |   5 |  971.8 |
       Dungeon |   4790 |   4565 |    225 |    513 |   2982 |   4 | 1197.5 |
         Abyss |     69 |     69 |      0 |      0 |     66 |   1 |   69.0 |
               +--------+--------+--------+--------+--------+-----+--------+

Top non-repeatable levels by time:
     D:2: 1904 daAuts
     D:3: 1513 daAuts
     D:1: 1074 daAuts
     D:4: 298 daAuts
 Abyss:1: 69 daAuts
